 Dungeon Crawl Stone Soup version 0.23.2-1-ga50397a6bc (webtiles) character file.

Game seed: 9604074859879443995

643 Foic the Ducker (level 7, -3/36 HPs)
             Began as a Spriggan Chaos Knight on May 14, 2019.
             Was a Plaything of Xom.
             Slain by Grinder (8 damage)
             ... while paralysed by Grinder
             ... on level 6 of the Dungeon.
             The game lasted 00:13:34 (4117 turns).

Foic the Ducker (Spriggan Chaos Knight)             Turns: 4117, Time: 00:13:35

Health: -3/36      AC:  4    Str:  8    XL:     7   Next: 26%
Magic:  17/17      EV:  4    Int: 13    God:    Xom [*.....]
Gold:   224        SH:  0    Dex: 18    Spells: 6/6 levels left

rFire    . . .     SeeInvis +   a - +0 short sword (chaos)
rCold    . . .     Gourm    .   (shield restricted)
rNeg     . . .     Faith    .   i - +2 robe
rPois    .         Spirit   .   (helmet restricted)
rElec    .         Reflect  .   (no cloak)
rCorr    .         Harm     .   (gloves unavailable)
MR       +....                  (boots unavailable)
Stlth    +++.......             (no amulet)
HPRegen  0.12/turn              d - ring of magical power
MPRegen  0.15/turn              (no ring)

@: paralysed, very quick
A: very small, unfitting armour, see invisible, herbivore, speed 3, slow
metabolism 2
a: Renounce Religion


You were on level 6 of the Dungeon.
You worshipped Xom.
You were a special plaything of Xom.
You were not hungry.

You visited 1 branch of the dungeon, and saw 6 of its levels.

You collected 224 gold pieces.

Inventory:

Hand Weapons
 a - a +0 short sword of chaos (weapon)
 b - a +0 hunting sling
Missiles
 e - 161 stones (quivered)
 f - 67 sling bullets
 j - 6 needles of confusion
Armour
 i - a +2 robe (worn)
Jewellery
 d - a ring of magical power (left hand)
 g - an uncursed ring of protection from magic {unknown}
Scrolls
 k - a scroll of remove curse {unknown}
 l - a scroll of amnesia
 n - a scroll of teleportation {unknown}
 o - a scroll of enchant weapon {unknown}
Potions
 h - 4 potions of curing
 m - a potion of heal wounds {unknown}
Comestibles
 c - 10 rations


   Skills:
 + Level 3.4 Fighting
 + Level 5.5 Short Blades
 + Level 2.1 Slings
 * Level 6.5 Dodging
 * Level 6.3 Stealth


You had 6 spell levels left.
You didn't know any spells.
Your spell library was empty.

Dungeon Overview and Level Annotations

Branches:
Dungeon (7/15)
 Temple: D:4-7

Altars:
Makhleb

Shops:
D:7 *

Annotations:
D:6 Grinder


Innate Abilities, Weirdness & Mutations

You are very small and have problems with some larger weapons.
You are too small for most types of armour.
You have supernaturally acute eyesight. (SInv)
You are a herbivore.
You cover ground extremely quickly.
You need to consume almost no food.


Message History

You barely miss Grinder.
Grinder is severely wounded.
Grinder barely misses you.
You closely miss Grinder.
Grinder is severely wounded.
Grinder hits you.
You writhe in agony.
You hit Grinder but do no damage.
Grinder looks faint for a moment.
Grinder is severely wounded.
Grinder gestures at you.
You easily resist.
Grinder gestures at you.
You suddenly lose the ability to move!
Grinder hits you. Xom grants you some temporary aid.
You are now a special plaything of Xom.
Grinder hits you.
* * * LOW HITPOINT WARNING * * *
You writhe in agony.
* * * LOW HITPOINT WARNING * * *
Grinder hits you!
You die...

........?...... .. ..
.............#.#.# ...####......
.................###......#...#.#
..............#.......#.#
......................#.#
..............#..........
........5.....#..........
........5.....#..........
##.#...5@.....#.......... ..
#..........#..........
.....#......##...........
....#......##........... .
####...##.......##..
#...##.......##..
#...##.......##..
#...##.......#### #...##.......#


You could see Grinder (invisible), a friendly quasit (wandering) and a friendly
shadow imp.

Vanquished Creatures
  Prince Ribbit (D:7)
  A sky beast (D:6)
  A phantom (D:6)
  An orc priest (D:3)
  Jessica (D:2)
  3 worker ants
  4 gnolls (D:2)
  7 adders
  A worm (D:2)
  3 dart slugs
  3 leopard geckos
  3 orcs (D:3)
  2 bats
  2 giant cockroaches
  8 goblins
  4 hobgoblins
  2 quokkas (D:3)
  A ball python (D:3)
  3 frilled lizards (D:1)
  5 kobolds
  8 rats
64 creatures vanquished.

Notes
Turn   | Place    | Note
-------+----------+-------------------------------------------
     0 | D:1      | Foic the Spriggan Chaos Knight began the quest for the Orb.
     0 | D:1      | Reached XP level 1. HP: 11/11 MP: 2/2
   181 | D:1      | XOM: harmless Tloc miscast
   311 | D:1      | Reached skill level 1 in Stealth
   311 | D:1      | Reached XP level 2. HP: 15/16 MP: 3/3
   738 | D:1      | XOM: harmless Fire miscast
   799 | D:2      | Reached XP level 3. HP: 8/19 MP: 4/4
   976 | D:2      | XOM: mild Conj miscast
  1080 | D:2      | XOM is BORED!
  1080 | D:2      | XOM: silly message
  1223 | D:2      | Noticed Jessica
  1225 | D:2      | Killed Jessica
  1293 | D:2      | XOM: harmless Air miscast
  1297 | D:2      | XOM: divination: detect creatures
  1320 | D:2      | XOM: harmless Chrm miscast
  1342 | D:2      | Reached XP level 4. HP: 23/23 MP: 5/5
  1878 | D:2      | Reached skill level 5 in Dodging
  1880 | D:2      | Reached XP level 5. HP: 6/28 MP: 6/6
  2082 | D:2      | XOM: divination: detect creatures
  2196 | D:2      | XOM: silly message
  2680 | D:3      | Found a faded altar of an unknown god.
  2683 | D:3      | Found a burning altar of Makhleb.
  2746 | D:3      | XOM: harmless Air miscast
  2747 | D:3      | XOM: noise
  2766 | D:3      | XOM: cloud trail
  2771 | D:3      | Reached skill level 1 in Slings
  3281 | D:3      | XOM: cloud trail
  3313 | D:3      | XOM: noise
  3350 | D:4      | XOM: stealth player
  3515 | D:4      | You fall through a shaft for 3 floors!
  3527 | D:7      | Noticed Prince Ribbit
  3530 | D:7      | XOM: potion effect (agility)
  3534 | D:7      | Found Uroh Kem's General Store.
  3555 | D:7      | XOM: swap monsters
  3558 | D:7      | Killed Prince Ribbit
  3558 | D:7      | Reached skill level 5 in Short Blades
  3558 | D:7      | Reached skill level 5 in Stealth
  3558 | D:7      | Reached XP level 6. HP: 17/32 MP: 7/7
  3581 | D:7      | Noticed a sky beast
  3589 | D:7      | XOM: harmless Conj miscast
  3872 | D:6      | Reached XP level 7. HP: 17/36 MP: 8/8
  3949 | D:6      | XOM: 4-stop teleportation journey
  4099 | D:6      | Noticed Grinder
  4108 | D:6      | XOM: enchant monster (bad)
  4115 | D:6      | Paralysed by Grinder for 5 turns
  4117 | D:6      | XOM: summons 2 friendly demons
  4117 | D:6      | Slain by Grinder

Skill      XL: |  1  2  3  4  5  6  7 |
---------------+----------------------+-----
Stealth        | 1 2 3 5 6 |  6.3
Dodging        | 4 5 6 |  6.5
Short Blades   | 4 5 |  5.5
Fighting       | 3 |  3.4
Slings         | 1 2 |  2.1

Action                   |  1- 3 |  4- 6 |  7- 9 || total
-------------------------+-------+-------+-------++-------
Melee: Short sword       |    79 |   171 |    14 ||   264
 Fire: Hunting sling     |       |    11 |       ||    11
Throw: Stone             |       |    10 |       ||    10
  Use: Scroll            |     2 |     2 |       ||     4
       Potion            |     4 |     1 |       ||     5
 Stab: Sleeping          |     5 |     4 |     2 ||    11
       Paralysed         |       |     1 |       ||     1
       Confused          |       |     2 |       ||     2
       Distracted        |       |     1 |       ||     1
  Eat: Ration            |       |     1 |       ||     1
Armor: Robe              |    13 |    10 |     1 ||    24
Dodge: Dodged            |    68 |   106 |     8 ||   182
